 Dungeon Crawl Stone Soup version 0.27.0-65-ge2af304b15 (webtiles) character file.

Game seed: 17568131780190365194

1178 Ishikawa the Grappler (level 8, 0/78 HPs)
             Began as a Troll Berserker on Aug 18, 2021.
             Was a Priest of Trog.
             Slain by Duvessa (15 damage)
             ... on level 5 of the Dungeon.
             The game lasted 00:11:33 (3400 turns).

Ishikawa the Grappler (Troll Berserker)             Turns: 3400, Time: 00:11:33

Health: 0/78       AC:  4    Str: 26    XL:     8   Next: 18%
Magic:  7/7        EV: 11    Int:  3    God:    Trog [***...]
Gold:   176        SH:  0    Dex: 11    Spells: 7/7 levels left

rFire    . . .     SeeInvis .     - Unarmed
rCold    . . .     Faith    .   (no shield)
rNeg     . . .     Spirit   .   a - +0 animal skin
rPois    .         Reflect  .   (helmet restricted)
rElec    .         Harm     .   (no cloak)
rCorr    .         Rampage  .   (gloves unavailable)
Will     .....                  (boots unavailable)
Stlth    +.........             (no amulet)
HPRegen  1.23/turn              (no ring)
MPRegen  0.10/turn              (no ring)

@: no status effects
A: large, unfitting armour, claws 3, regeneration 1, shaggy fur 1, tough skin 1
a: Renounce Religion, Berserk, Trog's Hand


You were on level 5 of the Dungeon.
You worshipped Trog.
Trog was most pleased with you.
You visited 1 branch of the dungeon, and saw 5 of its levels.

You collected 176 gold pieces.

Inventory:

Armour
 a - a +0 animal skin (worn)
Wands
 n - a wand of flame (12)
Scrolls
 b - a scroll of enchant weapon {unknown}
 d - a scroll of fear {unknown}
 e - a scroll of immolation {unknown}
 f - a scroll of noise {unknown}
 g - a scroll of enchant armour {unknown}
 h - 4 scrolls of identify {unknown}
 i - 2 scrolls of vulnerability {unknown}
 l - 2 scrolls of amnesia {unknown}
 o - a scroll of summoning {unknown}
 p - a scroll of blinking {unknown}
Potions
 c - 2 potions of ambrosia {unknown}
 j - 3 potions of degeneration {unknown}
 k - 2 potions of mutation {unknown}
 m - 3 potions of magic {unknown}


   Skills:
 * Level 4.0 Fighting
 * Level 4.7 Dodging
 * Level 8.1 Unarmed Combat


You had 7 spell levels left.
You didn't know any spells.
Your spell library contained the following spells:

 Spells                   Type           Power      Damage    Failure   Level
 Olgreb's Toxic Radiance  Pois           0%         N/A       99%         4
 Ozocubu's Refrigeration  Ice            0%         4d5       100%        7
 Ignition                 Fire           0%         3d3       100%        8


Dungeon Overview and Level Annotations

Branches:
Dungeon (5/15)
 Temple: D:4-7

Altars:

Annotations:
D:3 1 runed translucent door, Lakmaran's ghost, amateur DsBe
D:5 Duvessa


Innate Abilities, Weirdness & Mutations

You are too large for most types of armour.
You have claws for hands.
Your natural rate of healing is unusually fast.
You are covered in fur. (AC +1)
You have tough skin. (AC +1)


Message History

You scratch the iguana.
You kill the iguana!
Trog accepts your kill.
Duvessa rages.
You scratch the ice beast.
The ice beast is lightly wounded.
You claw the ice beast!
The ice beast is moderately wounded.
The ice beast hits you. The ice beast freezes you!
You closely miss the ice beast.
The ice beast is moderately wounded.
The ice beast closely misses you.
You barely miss the ice beast.
The ice beast is moderately wounded.
The ice beast closely misses you.
You closely miss the ice beast.
The ice beast is moderately wounded.
The ice beast hits you. The ice beast freezes you!
* * * LOW HITPOINT WARNING * * *
You barely miss the ice beast. You claw the ice beast.
The ice beast is heavily wounded.
You claw the ice beast!
You kill the ice beast!
Trog accepts your kill. Duvessa hits you with a +0 short sword.
Your Fighting skill increases to level 4!
Your Unarmed Combat skill increases to level 8!
You claw Duvessa!
Duvessa is moderately wounded.
Duvessa hits you with a +0 short sword!
* * * LOW HITPOINT WARNING * * *
You scratch Duvessa.
Duvessa is moderately wounded.
Duvessa closely misses you. Duvessa hits you with a +0 short sword.
* * * LOW HITPOINT WARNING * * *
You claw Duvessa!
Duvessa is heavily wounded.
Duvessa hits you with a +0 short sword!
You die...

#$?.####
##......#####.#
........).....$
###...#.#######
##. #.# ... #
#.# ... ##.##
#.. ..# ##e..#
#.# #.# #.@..#
#<# #.# #....#
####.#### #.#
#<####
...^....###.#
#.#
##........#.#
#.#
##...#.#.#.###.#
##.##.........#
#........#####
#.####.###


You could see Duvessa (berserk).

Vanquished Creatures
  Grinder (D:3)
  Sigmund (D:2)
  A sky beast (D:3)
  An ice beast (D:5)
  An ogre (D:4)
  A phantom (D:4)
  A scorpion (D:3)
  A water moccasin skeleton (D:4)
  Dowan (D:5)
  A centaur skeleton (D:5)
  A gnoll shaman (D:4)
  An orc priest (D:4)
  An iguana (D:5)
  Ijyb (D:4)
  Natasha (twice) (D:2)
  5 gnolls (D:4)
  2 adders (D:3)
  A worm (D:2)
  A dart slug (D:1)
  10 orcs
  6 ball pythons
  5 endoplasms
  3 giant cockroaches
  6 hobgoblins
  6 jackals (D:1)
  6 kobolds
  A quokka (D:4)
  7 bats
  7 frilled lizards
  9 goblins
  5 rats
96 creatures vanquished.

Vanquished Creatures (others)
  2 withered plants (D:3)
2 creatures vanquished.

Grand Total: 98 creatures vanquished

Notes
Turn   | Place    | Note
-------+----------+-------------------------------------------
     0 | D:1      | Ishikawa the Troll Berserker began the quest for the Orb.
     0 | D:1      | Reached XP level 1. HP: 22/22 MP: 0/0
    48 | D:1      | Reached XP level 2. HP: 29/29 MP: 1/1
   278 | D:1      | Reached XP level 3. HP: 36/36 MP: 2/2
   399 | D:1      | Found a faded altar of an unknown god.
   729 | D:2      | Reached ** piety under Trog
   761 | D:2      | Noticed Natasha
   767 | D:2      | Killed Natasha
   823 | D:2      | Noticed Sigmund
   828 | D:2      | Killed Sigmund
   829 | D:2      | Reached skill level 4 in Unarmed Combat
   829 | D:2      | Reached XP level 4. HP: 40/45 MP: 3/3
   829 | D:2      | Reached XP level 5. HP: 47/53 MP: 4/4
  1189 | D:2      | Noticed Natasha
  1195 | D:2      | Killed Natasha
  1196 | D:2      | Reached skill level 5 in Unarmed Combat
  1536 | D:3      | Noticed Grinder
  1538 | D:3      | Paralysed by Grinder for 6 turns
  1553 | D:3      | Paralysed by Grinder for 3 turns
  1572 | D:3      | Killed Grinder
  1573 | D:3      | Reached XP level 6. HP: 25/61 MP: 5/5
  1673 | D:3      | Noticed a sky beast
  1680 | D:3      | Killed a sky beast
  1681 | D:3      | Reached skill level 6 in Unarmed Combat
  1681 | D:3      | Reached XP level 7. HP: 47/67 MP: 6/6
  2117 | D:3      | Found a runed translucent door.
  2117 | D:3      | Noticed Lakmaran's ghost (amateur DsBe)
  2801 | D:4      | Reached skill level 7 in Unarmed Combat
  2809 | D:4      | Noticed Ijyb
  2822 | D:4      | Killed Ijyb
  2935 | D:4      | Reached *** piety under Trog
  3288 | D:5      | Entered Level 5 of the Dungeon
  3318 | D:5      | Reached XP level 8. HP: 75/78 MP: 7/7
  3367 | D:5      | Noticed Duvessa
  3367 | D:5      | Noticed Dowan
  3380 | D:5      | Killed Dowan
  3397 | D:5      | Reached skill level 8 in Unarmed Combat
  3400 | D:5      | Slain by Duvessa

Illustrated notes

Levels and vault maps discovered:
D:1:      mainiacjoe_arrival_reflecting_pool, layout_loops_ring,
          shapermc_ecumenical_altar_mp_vishouse
D:2:      layout_loops_corners, uniq_natasha, uniq_sigmund
D:3:      layout_basic, serial_corexii_hall, corexii_hall_statues_t,
          chequers_hall_statues_y, gammafunk_ghost_grave, nrook_mini_backslash,
          uniq_grinder
D:4:      layout_gridville, uniq_ijyb
D:5:      layout_loops_corners, minmay_temple_entry_tees, uniq_duvessa,
          uniq_pikel, uniq_blork_the_orc, uniq_prince_ribbit1

Skill      XL: |  1  2  3  4  5  6  7  8 |
---------------+-------------------------+-----
Dodging        | 3 4 |  4.7
Fighting       | 3 4 |  4.0
Unarmed Combat | 4 5 6 7 8 |  8.1

Action                   |  1- 3 |  4- 6 |  7- 9 || total
-------------------------+-------+-------+-------++-------
Melee: Unarmed           |    82 |    45 |   142 ||   269
       Punch             |     1 |     1 |     4 ||     6
 Stab: Sleeping          |     1 |       |     1 ||     2
Armor: Animal skin       |    30 |     6 |    38 ||    74
Dodge: Dodged            |    42 |     8 |    62 ||   112
